 Dungeon Crawl Stone Soup version 0.21.1-1-g345015f (webtiles) character file.

49311 VLARC the Cruncher (level 14, -2/101 HPs)
             Began as a Human Skald on Mar 5, 2018.
             Was a High Priest of Yredelemnul.
             Killed from afar by Frances (35 damage)
             ... with a shard of ice
             ... on level 12 of the Dungeon.
             The game lasted 01:24:42 (26682 turns).

VLARC the Cruncher (Human Skald)                   Turns: 26682, Time: 01:24:43

Health: -2/101     AC:  8    Str: 14    XL:     14   Next: 91%
Magic:  20/26      EV: 16    Int: 18    God:    Yredelemnul [*****.]
Gold:   1159       SH:  0    Dex: 14    Spells: 16/30 levels left

rFire    + + +     SeeInvis .   x - +4 lajatang (flame)
rCold    . . .     Gourm    .   (shield currently unavailable)
rNeg     . . .     Faith    +   K - +0 leather armour of the Fiddle {rPois rF++ Int+3 Dex-3} (curse)
rPois    +         Spirit   .   y - +0 helmet
rElec    .         Reflect  .   e - +0 cloak
rCorr    .         Harm     .   F - +1 pair of gloves {Dex+3}
MR       +....                  (no boots)
Stlth    +.........             u - amulet of faith
HPRegen  0.26/turn              b - ring of wizardry
MPRegen  0.20/turn              Q - ring of protection from fire

@: shrouded
A: no striking features
a: Recall Undead Slaves, Injury Mirror, Animate Dead, Drain Life, Enslave Soul,
Renounce Religion


You were on level 12 of the Dungeon.
You worshipped Yredelemnul.
Yredelemnul was extremely pleased with you.
You were hungry.

You visited 3 branches of the dungeon, and saw 19 of its levels.

You collected 1555 gold pieces.
You spent 396 gold pieces at shops.

Inventory:

Hand Weapons
 x - a +4 lajatang of flaming (weapon)
 V - a +1 longbow of flaming
Missiles
 h - 288 arrows
 m - 520 stones (quivered)
 t - 118 bolts
Armour
 e - a +0 cloak (worn)
 s - +0 ice dragon scales
 y - a +0 helmet (worn)
 F - a +1 pair of gloves of dexterity (worn)
 K - the cursed +0 leather armour of the Fiddle (worn) {rPois rF++ Int+3 Dex-3}
   (You found it on level 8 of the Dungeon)

   It affects your intelligence (+3).
   It affects your dexterity (-3).
   It greatly protects you from fire.
   It protects you from poison.
   It has a curse placed upon it.
 O - a +0 troll leather armour
Jewellery
 b - a ring of wizardry (left hand)
 u - an amulet of faith (around neck)
 Q - a ring of protection from fire (right hand)
Wands
 B - a wand of clouds (4)
 C - a wand of iceblast (9)
 I - a wand of random effects (19)
 L - a wand of flame (60)
 M - a wand of acid (21)
 P - a wand of disintegration (11)
Scrolls
 i - 10 scrolls of remove curse
 j - 12 scrolls of teleportation
 n - 4 scrolls of enchant armour
 p - 6 scrolls of fog
 w - a scroll of fear
 H - a scroll of amnesia
 R - a scroll of identify
 S - a scroll of magic mapping
Potions
 a - 2 potions of mutation
 c - 2 potions of cancellation
 d - 14 potions of curing
 g - 3 potions of agility
 k - 3 potions of resistance
 l - 3 potions of haste
 q - 3 potions of lignification
 v - 3 potions of flight
 z - 3 potions of ambrosia
 G - 2 potions of might
 N - 4 potions of invisibility
Books
 o - a book of Clouds

   Spells                             Type                      Level
   a - Poisonous Vapours              Poison/Air                   2
   b - Mephitic Cloud                 Conjuration/Poison/Air       3
   c - Conjure Flame                  Conjuration/Fire             3
   d - Freezing Cloud                 Conjuration/Ice/Air          6
   e - Ring of Flames                 Charms/Fire                  7
 D - a book of Fire

   Spells                             Type                      Level
   a - Ignite Poison                  Fire/Transmutation/Poison    3
   b - Fireball                       Conjuration/Fire             5
   c - Bolt of Fire                   Conjuration/Fire             6
   d - Ring of Flames                 Charms/Fire                  7
   e - Ignition                       Fire                         8
 T - a book of Alchemy

   Spells                             Type                      Level
   a - Sublimation of Blood           Necromancy                   2
   b - Ignite Poison                  Fire/Transmutation/Poison    3
   c - Petrify                        Transmutation/Earth          4
   d - Alistair's Intoxication        Transmutation/Poison         5
   e - Irradiate                      Conjuration/Transmutation    5
Miscellaneous
 E - a sack of spiders
Comestibles
 f - 30 rations
 r - 2 chunks of flesh


   Skills:
 - Level 6.5 Fighting
   Level 4.4(10.1) Polearms
 - Level 13.7(14.0) Staves
 + Level 6.7 Armour
 + Level 7.0 Dodging
 - Level 8.9 Spellcasting
 - Level 9.2 Hexes
 - Level 5.1 Charms
 - Level 8.7 Invocations
 + Level 6.1 Evocations


You had 16 spell levels left.
You knew the following spells:

 Your Spells              Type           Power        Failure   Level  Hunger
a - Infusion              Chrm           ####         1%          1    None
b - Shroud of Golubria    Chrm/Tloc      ###.......   2%          2    None
c - Spectral Weapon       Hex/Chrm       ####....     1%          3    None
d - Mephitic Cloud        Conj/Pois/Air  #.......     13%         3    None
e - Blink                 Tloc           N/A          6%          2    None
f - Regeneration          Chrm/Necr      ###.......   4%          3    None


Dungeon Overview and Level Annotations

Branches:
Dungeon (12/15)            Temple (1/1) D:7            Lair (6/6) D:8
 Shoals (0/4) Lair:4        Snake (0/4) Lair:3        Slime (0/5) Lair:5
    Orc (0/2) D:10

Altars:
Cheibriados
Dithmenos
Gozag
Nemelex Xobeh
Okawaru
Qazlal
Ru
Sif Muna
Trog
Xom
Yredelemnul
Zin
The Shining One

Shops:
D:6 *   D:7 %[[!

Annotations:
D:12 Frances
Lair:6 exclusion: 3 oklob plants


Message History

Your vampire is infused with unholy energy.
Your vampire draws life force from Frances and is healed!
Frances is almost dead.
Your orc wizard zombie barely misses Frances.
You draw life from your surroundings.
You draw life from Frances.
Frances is almost dead.
You feel life flooding into your body.
You feel somewhat more hungry.
Frances is engulfed in poison gas.
Frances looks as sick as possible!
Your vampire gestures wildly while chanting.
Your vampire flickers and vanishes for a moment.
Your orc wizard zombie completely misses Frances.
The chaos spawn is engulfed in poison gas.
The chaos spawn looks even sicker.
You hit Frances. You burn Frances.
Frances is almost dead.
Frances chants phrases taken from a devil's mouth.
The shard of ice hits you!
You die...
Your body rises from the dead as a mindless zombie.

#Z# ####..#####...# ##.#
#z# #..# ##### #..# #.#
#..# #Z## #.######>[# #.#
#.........# # #.#
########.## #.# #.#
#######.##### #.# #Z#
........)##V#####.#.###.#
#######.Z#§34.@@.###V...#
#..§#4#Z###.#.#####
###.....##.#.V.##
#.....###.##.###
#.####V#.###.# #.# ##Z##
#.# #.# ### #V# #.# #.#
#.# #Z#


You could see Frances, a sun demon, a hellwing, a chaos spawn, a friendly
vampire (invisible) and a friendly orc wizard zombie.

Vanquished Creatures
  Kirke (Lair:4)
  Nessos (D:12)
  The ghost of Anonimus the Blocker, a journeyman GnFi of Ashenzari (D:10)
  The ghost of Agrougrou the Martial Artist, a journeyman OpTm of Makhleb (D:12)
  6 hydras
  2 two-headed ogres
  2 death yaks (Lair:4)
  The ghost of VLARC the Thrower, a novice OgHu of Yredelemnul (D:7)
  2 lindwurms (Lair:6)
  2 unseen horrors
  A swamp dragon (Lair:6)
  A manticore (Lair:4)
  3 elephants
  3 torpor snails (Lair:6)
  10 spiny frogs
  A rime drake (Lair:6)
  2 kobold demonologists (D:10)
  5 komodo dragons
  4 trolls
  3 hornets
  3 polar bears
  8 hippogriffs
  The ghost of Anonimus the Shield-Bearer, an amateur GnFi (D:3)
  29 yaks
  4 hogs
  3 basilisks
  3 hungry ghosts
  A steam dragon (Lair:6)
  3 wargs (D:10)
  Edmund (D:3)
  2 nagas (Lair:3)
  A soldier ant (D:11)
  17 water moccasins
  The ghost of letownia2 the Conjurer, an amateur TeFE (D:4)
  An ice beast (D:11)
  3 orc warriors
  6 porcupines
  4 swamp drakes (Lair:6)
  2 sky beasts (D:7)
  6 black bears
  A wolf (Lair:6)
  A phantom (D:3)
  5 centaurs
  8 ogres
  3 boggarts (Lair:6)
  9 crocodiles
  6 big kobolds
  13 bullfrogs
  A wyvern zombie (Lair:4)
  3 scorpions
  A yak zombie (Lair:4)
  2 wights (D:7)
  2 howler monkeys
  3 crimson imps
  6 bullfrog zombies
  A quasit (D:7)
  3 jellies
  2 hounds
  5 orc priests
  3 bullfrog skeletons
  4 centaur skeletons
  7 orc wizards
  Ijyb (D:3)
  Jessica (D:2)
  5 iguanas
  Natasha (thrice) (D:2)
  8 worker ants
  3 hound zombies
  A hound skeleton (D:7)
  Robin (D:3)
  4 worker ant zombies
  7 gnolls
  12 adders
  4 shadow imps
  2 adder skeletons
  An adder zombie (D:5)
  5 worms
  4 dart slugs (D:2)
  7 leopard geckos
  32 orcs
  5 giant cockroaches
  15 goblins
  9 hobgoblins
  13 jackals
  13 kobolds
  9 quokkas
  2 ball pythons
  4 bats
  6 frilled lizards
  A jackal skeleton (D:7)
  2 jackal zombies
  A quokka skeleton (D:9)
  2 quokka zombies
  8 rats
  2 fungi (Lair:6)
433 creatures vanquished.

Vanquished Creatures (collateral kills)
  A fire dragon (Lair:6)
  The ghost of Exporg the Protected, a journeyman GrFi of the Shining One (D:12)
  3 hydras
  An ice dragon (Lair:6)
  A two-headed ogre (D:10)
  An unseen horror (D:12)
  An ugly thing (D:11)
  6 elephants
  2 torpor snails (Lair:6)
  2 black mambas
  6 spiny frogs
  A centaur skeleton (D:12)
  3 komodo dragons
  3 rime drakes
  3 tyrant leeches (Lair:6)
  2 trolls
  7 hornets
  3 hippogriffs
  A wyvern (Lair:4)
  3 yaks
  A basilisk (Lair:6)
  A soldier ant (D:11)
  5 water moccasins
  An acid dragon (Lair:6)
  2 porcupines
  A swamp drake (Lair:6)
  A boggart (Lair:6)
  A centaur (D:11)
  3 crocodiles
  A big kobold (D:10)
  A bullfrog (Lair:2)
  A crimson imp (D:10)
  2 orc priests
  A hound zombie (D:11)
  3 orcs
  5 fungi
  17 plants
98 creatures vanquished.

Vanquished Creatures (others)
  An ugly thing zombie (D:11)
  2 hydra zombies
  A hydra skeleton (Lair:3)
  5 flying skulls (D:12)
  A black mamba zombie (Lair:3)
  A wraith (D:11)
  8 spiny frog zombies
  6 hornet zombies
  5 elephant zombies
  A torpor snail zombie (Lair:6)
  A rime drake zombie (Lair:3)
  A hog skeleton (Lair:5)
  5 komodo dragon zombies
  A hippogriff skeleton (Lair:6)
  A warg zombie (D:10)
  11 water moccasin zombies
  5 yak zombies
  A wight (Lair:6)
  A bullfrog zombie (Lair:2)
  A basilisk zombie (Lair:5)
  3 centaur zombies (D:11)
  An iguana (Lair:6)
  A porcupine zombie (Lair:5)
  An acid dragon zombie (Lair:6)
  2 crocodile zombies
  2 crocodile skeletons (Lair:6)
  A mummy (D:11)
  An adder (D:12)
  2 swamp drake zombies (Lair:6)
  An iguana zombie (Lair:6)
  A goblin (D:3)
  2 kobold zombies (D:10)
  6 orc zombies
  A bush (Lair:5)
  15 fungi
  39 plants
  6 spectral weapons
144 creatures vanquished.

Grand Total: 675 creatures vanquished

Notes
Turn   | Place    | Note
-------+----------+-------------------------------------------
     0 | D:1      | VLARC the Human Skald began the quest for the Orb.
     0 | D:1      | Reached XP level 1. HP: 16/16 MP: 3/3
    27 | D:1      | Reached XP level 2. HP: 9/23 MP: 0/5
   655 | D:1      | Reached XP level 3. HP: 26/28 MP: 6/6
  1180 | D:2      | Noticed Natasha
  1187 | D:2      | Killed Natasha
  1187 | D:2      | Reached XP level 4. HP: 4/35 MP: 1/7
  1474 | D:2      | Learned a level 2 spell: Shroud of Golubria
  1527 | D:2      | Noticed Natasha
  1534 | D:2      | Killed Natasha
  1715 | D:2      | Found an iron altar of Okawaru.
  1757 | D:2      | Reached XP level 5. HP: 26/41 MP: 8/8
  1893 | D:2      | Found a shadowy altar of Dithmenos.
  1917 | D:2      | Noticed Jessica
  1949 | D:2      | Killed Jessica
  2702 | D:2      | Noticed Natasha
  2716 | D:2      | Killed Natasha
  3140 | D:3      | Reached XP level 6. HP: 48/48 MP: 6/9
  3319 | D:3      | Noticed Robin
  3340 | D:3      | Killed Robin
  3831 | D:3      | Noticed Anonimus's ghost (amateur GnFi)
  3925 | D:4      | Reached skill level 1 in Staves
  4061 | D:4      | Reached skill level 5 in Fighting
  4061 | D:4      | Reached skill level 2 in Staves
  4064 | D:4      | Reached XP level 7. HP: 51/56 MP: 10/10
  4489 | D:4      | Found a snail-covered altar of Cheibriados.
  4490 | D:4      | Found an opulent altar of Gozag.
  4695 | D:4      | Noticed letownia2's ghost (amateur TeFE)
  4832 | D:3      | Reached skill level 3 in Staves
  4967 | D:4      | Noticed Edmund
  4981 | D:3      | Killed Edmund
  5118 | D:4      | Found a shimmering altar of Xom.
  5139 | D:5      | Entered Level 5 of the Dungeon
  5334 | D:4      | Learned a level 3 spell: Spectral Weapon
  5491 | D:4      | Reached XP level 8. HP: 54/64 MP: 11/11
  5689 | D:5      | Reached skill level 4 in Staves
  5689 | D:5      | Reached skill level 1 in Hexes
  6343 | D:5      | Found a stormy altar of Qazlal.
  6561 | D:5      | Reached skill level 5 in Staves
  6854 | D:6      | Found a sacrificial altar of Ru.
  6907 | D:6      | Found Yriloc's Assorted Antiques.
  6913 | D:6      | Bought a scroll of identify for 58 gold pieces
  6913 | D:6      | Bought a scroll of identify for 58 gold pieces
  7198 | D:6      | Reached XP level 9. HP: 66/69 MP: 12/12
  7354 | D:7      | Reached skill level 5 in Charms
  7519 | D:7      | Reached skill level 6 in Staves
  7549 | D:7      | Reached skill level 5 in Hexes
  7715 | D:7      | Noticed VLARC's ghost (novice OgHu)
  7742 | D:7      | Killed VLARC's ghost
  7742 | D:7      | Reached skill level 7 in Staves
  8087 | D:7      | Found Tofiff's Distillery.
  8093 | D:7      | Bought a potion of haste for 130 gold pieces
  8130 | D:7      | Found Eho Osiffe's Antique Armour Emporium.
  8131 | D:7      | Found a staircase to the Ecumenical Temple.
  8152 | Temple   | Entered the Ecumenical Temple
  8213 | Temple   | Became a worshipper of Yredelemnul the Dark
  8274 | D:7      | Reached XP level 10. HP: 70/76 MP: 13/13
  8389 | D:7      | Reached skill level 8 in Staves
  8418 | D:7      | Noticed a two-headed ogre
  8998 | D:7      | Reached skill level 9 in Staves
  9294 | D:7      | Found Gassyney's Antique Armour Emporium.
  9305 | D:7      | Bought a pair of glowing gloves for 150 gold pieces
  9333 | D:7      | Killed a two-headed ogre
  9389 | D:7      | Found Jicw's Food Boutique.
  9680 | D:8      | Found a staircase to the Lair.
  9710 | D:8      | Reached XP level 11. HP: 55/81 MP: 11/14
  9891 | D:8      | Reached skill level 10 in Staves
 10102 | D:8      | Reached * piety under Yredelemnul
 10128 | D:8      | Got a spiked leather armour
 10139 | D:8      | Identified the cursed +0 leather armour of the Fiddle {rPois rF++ Int+3 Dex-3} (You found it on level 8 of the Dungeon)
 10550 | D:9      | Reached skill level 1 in Invocations
 11389 | D:9      | Found a glowing golden altar of the Shining One.
 11898 | D:10     | Entered Level 10 of the Dungeon
 11915 | D:10     | Noticed Anonimus's ghost (journeyman GnFi)
 12103 | D:4      | Killed letownia2's ghost
 12231 | D:3      | Noticed Ijyb
 12239 | D:3      | Killed Ijyb
 12290 | D:3      | Killed Anonimus's ghost
 12697 | Lair:1   | Entered Level 1 of the Lair of Beasts
 13038 | Lair:1   | Reached skill level 11 in Staves
 13038 | Lair:1   | Reached skill level 5 in Invocations
 13145 | Lair:1   | Noticed an eight-headed hydra
 13224 | Lair:1   | Killed an eight-headed hydra
 13302 | Lair:1   | Found a bloodstained altar of Trog.
 14318 | Lair:1   | Learned a level 3 spell: Mephitic Cloud
 14321 | Lair:1   | Learned a level 2 spell: Blink
 14774 | Lair:2   | Reached XP level 12. HP: 88/88 MP: 14/17
 15574 | Lair:2   | Got a spiked ring mail
 15575 | Lair:2   | Identified the cursed +0 ring mail "Sony" {rF- rN+ Str+6} (You found it on level 2 of the Lair of Beasts)
 15620 | Lair:3   | Reached skill level 12 in Staves
 15821 | Lair:3   | Learned a level 3 spell: Regeneration
 15937 | Lair:3   | Noticed a six-headed hydra
 15954 | Lair:3   | Killed a six-headed hydra
 16298 | Lair:3   | Reached ** piety under Yredelemnul
 16342 | Lair:3   | Noticed a seven-headed hydra
 16350 | Lair:3   | Killed a seven-headed hydra
 16640 | Lair:3   | Found a staircase to the Snake Pit.
 17404 | Lair:4   | Noticed a death yak
 17433 | Lair:4   | Killed a death yak
 17619 | Lair:4   | Found a staircase to the Shoals.
 17764 | Lair:4   | Reached skill level 13 in Staves
 18228 | Lair:4   | Noticed a death yak
 18249 | Lair:4   | Killed a death yak
 19008 | Lair:4   | Reached XP level 13. HP: 93/93 MP: 15/20
 19170 | Lair:5   | Reached skill level 5 in Spellcasting
 19324 | Lair:5   | Found a staircase to the Slime Pits.
 19386 | Lair:5   | Noticed a seven-headed hydra
 19394 | Lair:5   | Killed a seven-headed hydra
 19477 | Lair:5   | Noticed a six-headed hydra
 19708 | Lair:5   | Noticed Kirke
 19887 | Lair:4   | Killed Kirke
 19887 | Lair:4   | Reached *** piety under Yredelemnul
 20052 | Lair:5   | Noticed a four-headed hydra
 20058 | Lair:5   | Killed a four-headed hydra
 20608 | Lair:5   | Killed a six-headed hydra
 20769 | Lair:6   | Entered Level 6 of the Lair of Beasts
 20920 | Lair:6   | Noticed a four-headed hydra
 20927 | Lair:6   | Killed a two-headed hydra
 21446 | Lair:6   | Reached **** piety under Yredelemnul
 21461 | Lair:6   | Reached skill level 1 in Evocations
 21478 | Lair:6   | Noticed a fire dragon
 21490 | Lair:6   | Killed a fire dragon
 21490 | Lair:6   | Reached XP level 14. HP: 77/101 MP: 26/26
 21720 | Lair:6   | Received a gift from Yredelemnul (a wight)
 22404 | Lair:6   | Found a runed door.
 22461 | Lair:6   | Reached skill level 5 in Dodging
 22696 | Lair:6   | Reached skill level 5 in Armour
 23456 | D:10     | Killed Anonimus's ghost
 23692 | D:10     | Found a staircase to the Orcish Mines.
 23760 | D:10     | Reached ***** piety under Yredelemnul
 24091 | D:10     | Reached skill level 5 in Evocations
 24830 | D:11     | Received a gift from Yredelemnul (a mummy)
 24848 | D:11     | Found an opulent altar of Gozag.
 25046 | D:11     | Received a gift from Yredelemnul (a wraith)
 25277 | D:11     | Received a gift from Yredelemnul (5 flying skulls)
 26041 | D:12     | Noticed Agrougrou's ghost (journeyman OpTm)
 26044 | D:12     | Killed Agrougrou's ghost
 26217 | D:12     | Noticed Nessos
 26227 | D:12     | Killed Nessos
 26293 | D:12     | Noticed Exporg's ghost (journeyman GrFi)
 26325 | D:12     | Killed Exporg's ghost
 26430 | D:12     | Received a gift from Yredelemnul (a vampire)
 26562 | D:12     | Noticed Frances
 26682 | D:12     | Killed from afar by Frances

Skill      XL: |  1  2  3  4  5  6  7  8  9 10 11 12 13 14 |
---------------+-------------------------------------------+-----
Fighting       | 3 4 5 6 |  6.5
Polearms       | 3 4 |  4.4
Staves         | 2 3 5 7 9 11 13 | 13.7
Hexes          | 3 6 9 |  9.2
Charms         | 4 5 |  5.1
Invocations    | 6 8 |  8.7
Spellcasting   | 4 8 |  8.9
Armour         | 3 6 |  6.7
Dodging        | 3 7 |  7.0
Evocations     | 1 6 |  6.1

Action                   |  1- 3 |  4- 6 |  7- 9 | 10-12 | 13-15 || total
-------------------------+-------+-------+-------+-------+-------++-------
Melee: Spear             |   116 |       |       |       |       ||   116
       Quarterstaff      |     9 |   136 |       |       |       ||   145
       Lajatang          |       |    36 |   288 |   467 |   480 ||  1271
Throw: Stone             |       |     1 |     4 |     4 |       ||     9
 Cast: Infusion          |     5 |     2 |     4 |     2 |     1 ||    14
       Shroud of Golubri |       |    15 |    11 |    33 |    10 ||    69
       Spectral Weapon   |       |       |     1 |    27 |     9 ||    37
       Regeneration      |       |       |       |     4 |    43 ||    47
Invok: Animate Remains   |       |       |       |    36 |     7 ||    43
       Recall Undead Sla |       |       |       |     1 |    10 ||    11
       Animate Dead      |       |       |       |       |    57 ||    57
       Drain Life        |       |       |       |       |     3 ||     3
Evoke: Wand              |       |       |       |    11 |    22 ||    33
  Use: Scroll            |       |       |    17 |     8 |    10 ||    35
       Potion            |       |       |     3 |     1 |     3 ||     7
 Stab: Sleeping          |     1 |       |       |       |       ||     1
       Distracted        |       |       |       |     4 |     6 ||    10
       Confused          |       |       |       |     1 |       ||     1
  Eat: Chunk             |       |    12 |    14 |    26 |    34 ||    86
       Ration            |       |       |       |     7 |     4 ||    11
Armor: Leather armour    |    11 |    26 |       |    52 |    85 ||   174
       Ring mail         |       |     5 |   127 |   104 |       ||   236
Dodge: Dodged            |    61 |   111 |   185 |   252 |   273 ||   882
